 Dungeon Crawl Stone Soup version 0.19.1 (webtiles) character file.

12022 DarthKuruptios2 the Cruncher (level 11, -1/74 HPs)
             Began as a Gargoyle Berserker on Dec 13, 2016.
             Was an Elder of Trog.
             Slain by an ice devil (16 damage)
             ... in an ice cave.
             The game lasted 00:38:43 (9466 turns).

DarthKuruptios2 the Cruncher (Gargoyle Berserker)   Turns: 9466, Time: 00:38:43

Health: -1/74      AC: 25    Str: 21    XL:     11   Next: 86%
Magic:  11/11      EV:  8    Int: 11    God:    Trog [****..]
Gold:   8          SH:  0    Dex: 18    Spells: 0 memorised, 10 levels left

rFire  . . .     SeeInvis .     w - +10 quarterstaff of Resourcefulness {crush, rF- Int+3 Dex+6 Stlth+}
rCold  x . .     Gourm    .     H - +2 plate armour
rNeg   + . .     Faith    .     (shield currently unavailable)
rPois  ∞         Spirit   .     J - +2 hat
rElec  +         Reflect  .     (no cloak)
rCorr  +         Harm     .     F - +1 pair of gloves {archery}
MR     .....                    (no boots)
Stlth  ..........               (no amulet)
                                C - ring of resist corrosion
                                k - ring of fire

@: no status effects
A: negative energy resistance 1, electricity resistance, unbreathing,
petrification resistance, rot immunity, AC +7
a: Berserk, Trog's Hand, Brothers in Arms, Burn Spellbooks, Renounce Religion


You were in an ice cave.
You worshipped Trog.
Trog was greatly pleased with you.
You were not hungry.

You visited 2 branches of the dungeon, and saw 12 of its levels.
You also visited: Ice Cave.

You collected 732 gold pieces.
You spent 724 gold pieces at shops.

Inventory:

Hand Weapons
 l - a +3 flail of draining
 w - the +10 quarterstaff of Resourcefulness (weapon) {crush, rF- Int+3 Dex+6 Stlth+}
   (You found it on level 4 of the Dungeon)

   It inflicts extra damage upon your enemies.
   It affects your intelligence (+3).
   It affects your dexterity (+6).
   It makes you vulnerable to fire.
   It makes you more stealthy.
Missiles
 d - 55 bolts
 u - 2 javelins (quivered)
Armour
 F - a +1 pair of gloves of archery (worn)
 H - a +2 plate armour (worn)
 J - a +2 hat (worn)
Jewellery
 k - a ring of fire (left hand)
 C - a ring of resist corrosion (right hand)
Wands
 i - a wand of hasting (8/9)
 y - a wand of flame (27/48)
Scrolls
 a - a scroll of recharging
 g - a scroll of identify
 j - 5 scrolls of remove curse
 n - 3 scrolls of teleportation
 o - a scroll of fear
 E - 2 scrolls of noise
 I - 3 scrolls of fog
Potions
 b - 5 potions of flight
 e - a potion of invisibility
 h - a potion of agility {unknown}
 p - 3 potions of cancellation
 q - a potion of ambrosia {unknown}
 s - 2 potions of lignification
 v - a potion of resistance {unknown}
 x - 4 potions of magic
 z - 2 potions of mutation {unknown}
 A - a potion of cure mutation {unknown}
 D - 3 potions of curing
 G - a potion of haste
Miscellaneous
 r - a disc of storms
Comestibles
 c - 5 bread rations
 f - 4 meat rations
 t - 2 beef jerkies


   Skills:
 + Level 11.3 Fighting
 - Level 5.3(10.2) Maces & Flails
 * Level 13.2(13.5) Staves
 + Level 5.2 Armour
 + Level 4.0 Dodging
 - Level 0.2 Stealth


You had 10 spell levels left.
You didn't know any spells.

Dungeon Overview and Level Annotations

Branches:
Dungeon (10/15)            Temple (0/1) D:7            Lair (2/6) D:9
  Swamp: Lair:2-4    Shoals: Lair:2-4     Snake: Lair:2-4    Spider: Lair:2-4
    Orc: D:9-12

Altars:
Elyvilon
Gozag
Hepliaklqana
Kikubaaqudgha
Okawaru
Qazlal
Yredelemnul
Zin
The Shining One

Shops:
D:6 !*}?


Innate Abilities, Weirdness & Mutations

You are resistant to torment.
Your stone body is resilient. (AC +7)
You are immune to poison.
You resist negative energy. (rN+)
You are resistant to electric shocks. (rElec)
You can survive without breathing.
You are immune to petrification.
You are immune to rotting.


Message History

You sock the ice devil!
The ice devil is moderately wounded.
You closely miss the ice devil.
The ice devil is moderately wounded.
The ice devil hits you but does no damage.
The ice devil hits you. The ice devil freezes you!
You feel a terrible chill!
* * * LOW HITPOINT WARNING * * *
You are too injured to fight recklessly!
You feel much better. The ice devil closely misses you. The ice devil hits you.
The ice devil freezes you!!
You feel a terrible chill!
* * * LOW HITPOINT WARNING * * *
As you read the scroll of fear, it crumbles to dust.
You assume a fearsome visage.
The ice devil is unaffected. x2
The ice devil hits you but does no damage. x2
You feel better.
The ice devil hits you but does no damage.
The ice devil hits you.
* * * LOW HITPOINT WARNING * * *
The ice devil freezes you!
You feel a terrible chill!
You die...

.... .... .....
#### .....# ##..##
......######....##
........##.......#
.......4.....∩∩..#
.......4@........#
......##..##....##
..... ######..##
.... #### ... .. .


You could see 2 ice devils.

Vanquished Creatures
  Gastronok (Lair:1)
  2 hydras
  Fannar (Lair:1)
  A black mamba (Lair:2)
  2 spiny frogs
  A komodo dragon (Lair:2)
  A two-headed ogre (D:7)
  A slime creature (Lair:1)
  4 blink frogs
  2 hippogriffs
  Prince Ribbit (Lair:1)
  A water moccasin (Lair:1)
  3 porcupines (Lair:1)
  A sky beast (D:5)
  5 orc warriors
  2 phantoms
  A necrophage (D:7)
  A black bear (D:7)
  12 ice beasts
  2 ogres
  2 wolves (Lair:1)
  A centaur (D:5)
  A crocodile (Lair:1)
  9 bullfrogs
  3 scorpions
  A wyvern skeleton (D:9)
  7 crimson imps
  2 howler monkeys (D:7)
  4 orc priests
  12 jellies
  A centaur skeleton (D:8)
  4 hounds
  7 orc wizards
  3 bullfrog skeletons
  Terence (D:3)
  An iguana (D:8)
  7 worker ants
  A hound zombie (D:5)
  A gnoll (D:6)
  A howler monkey skeleton (D:5)
  14 adders
  5 shadow imps
  13 oozes (Lair:1)
  5 worms
  9 dart slugs
  6 leopard geckos
  31 orcs
  8 giant cockroaches
  5 goblins
  6 hobgoblins
  3 quokkas
  A ball python (D:3)
  8 bats
  4 frilled lizards
  4 kobolds
  6 rats
242 creatures vanquished.

Vanquished Creatures (others)
  4 fungi
4 creatures vanquished.

Grand Total: 246 creatures vanquished

Notes
Turn   | Place    | Note
-------+----------+-------------------------------------------
     0 | D:1      | DarthKuruptios2 the Gargoyle Berserker began the quest for the Orb.
     0 | D:1      | Reached XP level 1. HP: 14/14 MP: 1/1
   200 | D:1      | Reached XP level 2. HP: 16/19 MP: 2/2
   492 | D:2      | Reached XP level 3. HP: 24/24 MP: 3/3
   510 | D:2      | Reached ** piety under Trog
   630 | D:2      | Reached XP level 4. HP: 27/29 MP: 4/4
   990 | D:2      | Found an iron altar of Okawaru.
  1349 | D:3      | Reached XP level 5. HP: 33/33 MP: 5/5
  1414 | D:3      | Noticed Terence
  1421 | D:3      | Killed Terence
  1502 | D:3      | Reached skill level 5 in Maces & Flails
  2029 | D:3      | Reached XP level 6. HP: 23/39 MP: 6/6
  2340 | D:3      | Reached *** piety under Trog
  2579 | D:4      | Got a steaming quarterstaff
  2580 | D:4      | Identified the +10 quarterstaff of Resourcefulness {crush, rF- Int+3 Dex+6 Stlth+} (You found it on level 4 of the Dungeon)
  2808 | D:4      | Found an ancient bone altar of Kikubaaqudgha.
  2913 | D:4      | Found a basalt altar of Yredelemnul.
  2998 | D:4      | Found a white marble altar of Elyvilon.
  2999 | D:4      | Found an opulent altar of Gozag.
  3124 | D:5      | Entered Level 5 of the Dungeon
  3124 | D:5      | Noticed an ice beast
  3129 | D:5      | Reached skill level 1 in Staves
  3132 | D:5      | Killed an ice beast
  3132 | D:5      | Reached skill level 2 in Staves
  3142 | D:5      | Reached skill level 5 in Fighting
  3330 | D:5      | Reached XP level 7. HP: 41/44 MP: 7/7
  3342 | D:5      | Reached skill level 3 in Staves
  3640 | D:5      | Reached skill level 4 in Staves
  3695 | D:5      | Reached XP level 8. HP: 51/51 MP: 8/8
  3919 | D:5      | Reached skill level 5 in Staves
  3949 | D:5      | Found a glowing silver altar of Zin.
  4166 | D:6      | Found Wabitt's Distillery.
  4181 | D:6      | Bought a potion of magic for 96 gold pieces
  4181 | D:6      | Bought a potion of haste for 120 gold pieces
  4207 | D:6      | Bought a potion of curing for 36 gold pieces
  4237 | D:6      | Found a stormy altar of Qazlal.
  4264 | D:6      | Found Xecisyog's Magic Scroll Boutique.
  4272 | D:6      | Bought a scroll of identify for 22 gold pieces
  4280 | D:6      | Found Haugeg's Gadget Emporium.
  4639 | D:6      | Reached skill level 6 in Staves
  4661 | D:6      | Found Qanax's General Store.
  4965 | D:7      | Noticed a hippogriff
  4973 | D:7      | Killed a hippogriff
  4973 | D:7      | Reached skill level 7 in Staves
  4994 | D:7      | Reached XP level 9. HP: 55/57 MP: 9/9
  5082 | D:7      | Reached skill level 8 in Staves
  5193 | D:7      | Noticed a two-headed ogre
  5199 | D:7      | Killed a two-headed ogre
  5206 | D:7      | Reached skill level 9 in Staves
  5284 | D:7      | Reached **** piety under Trog
  5570 | D:7      | Found a staircase to the Ecumenical Temple.
  5597 | D:7      | Found a glowing golden altar of the Shining One.
  5853 | D:8      | Reached skill level 10 in Staves
  5892 | D:8      | Reached XP level 10. HP: 43/66 MP: 10/10
  6285 | D:8      | Found a hazy altar of Hepliaklqana.
  6828 | D:9      | Found a staircase to the Lair.
  7143 | Lair:1   | Entered Level 1 of the Lair of Beasts
  7143 | Lair:1   | Noticed Fannar
  7143 | Lair:1   | Noticed Prince Ribbit
  7143 | Lair:1   | Noticed a spiny frog
  7143 | Lair:1   | Noticed a seven-headed hydra
  7159 | D:9      | Killed a spiny frog
  7322 | D:6      | Bought a disc of storms for 220 gold pieces
  7390 | D:9      | Reached skill level 11 in Staves
  7402 | D:9      | Killed a seven-headed hydra
  7402 | D:9      | Reached skill level 10 in Fighting
  7590 | D:10     | Entered Level 10 of the Dungeon
  7648 | Lair:1   | Killed Prince Ribbit
  7655 | Lair:1   | Killed Fannar
  7655 | Lair:1   | Reached skill level 12 in Staves
  7655 | Lair:1   | Reached XP level 11. HP: 39/73 MP: 11/11
  7907 | Lair:1   | Noticed Gastronok
  7924 | Lair:1   | Killed Gastronok
  8072 | Lair:1   | Reached ***** piety under Trog
  9059 | D:6      | Bought a scroll of magic mapping for 38 gold pieces
  9083 | D:6      | Bought a potion of curing for 36 gold pieces
  9083 | D:6      | Bought a potion of haste for 120 gold pieces
  9083 | D:6      | Bought a potion of curing for 36 gold pieces
  9214 | Lair:2   | Reached skill level 13 in Staves
  9233 | Lair:2   | Noticed a four-headed hydra
  9240 | Lair:2   | Killed a four-headed hydra
  9240 | Lair:2   | Reached skill level 5 in Armour
  9256 | Lair:2   | Found a frozen archway.
  9290 | IceCv    | Entered an ice cave
  9466 | IceCv    | Slain by an ice devil

Skill      XL: |  1  2  3  4  5  6  7  8  9 10 11 |
---------------+----------------------------------+-----
Fighting       | 4 5 6 7 9 10 11 | 11.3
Maces & Flails | 4 5 |  5.3
Dodging        | 2 4 |  4.0
Armour         | 3 5 |  5.2
Staves         | 2 4 7 10 12 13 | 13.2
Stealth        | |  0.2

Action                   |  1- 3 |  4- 6 |  7- 9 | 10-12 || total
-------------------------+-------+-------+-------+-------++-------
Melee: Mace              |   122 |   164 |       |       ||   286
       Quarterstaff      |       |    25 |   185 |   239 ||   449
Throw: Javelin           |       |       |       |     3 ||     3
Invok: Berserk           |     1 |     2 |     1 |     2 ||     6
       Burn Spellbooks   |       |       |     2 |     1 ||     3
       Trog's Hand       |       |       |     1 |     5 ||     6
  Use: Scroll            |     5 |     5 |    10 |     4 ||    24
       Potion            |       |       |       |     5 ||     5
 Stab: Sleeping          |       |       |     7 |       ||     7
  Eat: Chunk             |       |    11 |     9 |    13 ||    33
       Pizza             |       |       |       |     1 ||     1
       Beef jerky        |       |       |       |     1 ||     1
Armor: Animal skin       |     5 |       |       |       ||     5
       Ring mail         |    72 |    71 |    66 |       ||   209
       Plate armour      |       |       |    25 |   201 ||   226
Dodge: Dodged            |   100 |   121 |    82 |    91 ||   394
